Workbook

Sheet PLANILHA ORÇAMENTÁRIA
B1: PREFEITURA MUNICIPAL DE JOÃO NEIVA
B2: PLANILHA ORÇAMENTÁRIA
B3: OBRA: REFORMA DA QUADRA POLIESPORTIVA DE CAVALINHO, JOÃO NEIVA/ES | E3: L. SOCIAIS: | F3: 1.5727 | G3: TABELA DE REFERÊNCIA: DER/ES
B4: LOCAL: CAVALINHO, JOÃO NEIVA/ES | E4: BDI: | F4: 0.3196 | H4: DATA-BASE: | I4: NOV/21
B5: ORÇAMENTISTAS: BRUNA PEROVANO SIRTULI E THAÍS BAPTISTA MENELLI
A6: ITEM | B6: CÓDIGO | C6: ORGÃO | D6: DESCRIÇÃO SERVIÇO | E6: UNIDADE | F6: QUANTIDADE | G6: CUSTO (R$)
G7: UNITÁRIO | H7: UNITÁRIO C/ BDI | I7: TOTAL
A8: 1 | B8: 01 | D8: SERVIÇOS PRELIMINARES
A9: 1.1 | B9: 0102 / 0103 | C9: DER-ES | D9: DEMOLIÇÕES E RETIRADAS
A10: 1.1.1 | B10: 010202 | C10: DER-ES | D10: Demolição de piso revestido com cerâmica | E10: m2 | F10: ='MEMÓRIA DE CÁLCULO'!J12 -> 14.4 | G10: 11.17 | H10: =G10*1.3196 -> 14.739932 | I10: =TRUNC(ROUND(F10*H10,2),2) -> 212.26
A11: 1.1.2 | B11: 010206 | C11: DER-ES | D11: Demolição de revestimento com azulejos | E11: m2 | F11: ='MEMÓRIA DE CÁLCULO'!J21 -> 47.8992 | G11: 39.91 | H11: =G11*1.3196 -> 52.665236 | I11: =TRUNC(ROUND(F11*H11,2),2) -> 2522.62
A12: 1.1.3 | B12: 010208 | C12: DER-ES | D12: Retirada de revestimento antigo em reboco | E12: m2 | F12: ='MEMÓRIA DE CÁLCULO'!J28 -> 57.4413 | G12: 7.98 | H12: =G12*1.3196 -> 10.530408 | I12: =TRUNC(ROUND(F12*H12,2),2) -> 604.88
A13: 1.1.4 | B13: 010209 | C13: DER-ES | D13: Demolição de alvenaria | E13: m3 | F13: ='MEMÓRIA DE CÁLCULO'!J43 -> 5.436912 | G13: 47.89 | H13: =G13*1.3196 -> 63.195644 | I13: =TRUNC(ROUND(F13*H13,2),2) -> 343.59
A14: 1.1.5 | B14: 010214 | C14: DER-ES | D14: Retirada de portas e janelas de madeira, inclusive batentes | E14: m2 | F14: ='MEMÓRIA DE CÁLCULO'!J48 -> 2.52 | G14: 12.77 | H14: =G14*1.3196 -> 16.851292 | I14: =TRUNC(ROUND(F14*H14,2),2) -> 42.47
A15: 1.1.6 | B15: 010215 | C15: DER-ES | D15: Retirada de esquadrias metálicas | E15: m2 | F15: ='MEMÓRIA DE CÁLCULO'!J55 -> 3.936 | G15: 7.98 | H15: =G15*1.3196 -> 10.530408 | I15: =TRUNC(ROUND(F15*H15,2),2) -> 41.45
A16: 1.1.7 | B16: 010219 | C16: DER-ES | D16: Demolição manual de concreto armado (EMOP 05.001.033) | E16: m3 | F16: ='MEMÓRIA DE CÁLCULO'!J61 -> 2.09405 | G16: 264.43 | H16: =G16*1.3196 -> 348.94183 | I16: =TRUNC(ROUND(F16*H16,2),2) -> 730.7
A17: 1.1.8 | B17: 010220 | C17: DER-ES | D17: Demolição de piso cimentado, exclusive lastro de concreto | E17: m2 | F17: ='MEMÓRIA DE CÁLCULO'!J66 -> 23.435 | G17: 9.84 | H17: =G17*1.3196 -> 12.984864 | I17: =TRUNC(ROUND(F17*H17,2),2) -> 304.3
A18: 1.1.9 | B18: 010223 | C18: DER-ES | D18: Retirada de aparelhos sanitários | E18: und | F18: ='MEMÓRIA DE CÁLCULO'!J71 -> 7 | G18: 16.59 | H18: =G18*1.3196 -> 21.892164 | I18: =TRUNC(ROUND(F18*H18,2),2) -> 153.25
A19: 1.1.10 | B19: 010224 | C19: DER-ES | D19: Retirada de grades, gradis, alambrados, cercas e portões | E19: m2 | F19: ='MEMÓRIA DE CÁLCULO'!J77 -> 166.651 | G19: 14.05 | H19: =G19*1.3196 -> 18.54038 | I19: =TRUNC(ROUND(F19*H19,2),2) -> 3089.77
A20: 1.1.11 | B20: 010239 | C20: DER-ES | D20: Retirada de divisórias com reaproveitamento | E20: m2 | F20: ='MEMÓRIA DE CÁLCULO'!J81 -> 2.67 | G20: 31.1 | H20: =G20*1.3196 -> 41.03956 | I20: =TRUNC(ROUND(F20*H20,2),2) -> 109.58
A21: 1.1.12 | B21: 010240 | C21: DER-ES | D21: Retirada de pontos elétricos (luminárias, interruptores e tomadas) | E21: und | F21: ='MEMÓRIA DE CÁLCULO'!J88 -> 35 | G21: 8.81 | H21: =G21*1.3196 -> 11.625676 | I21: =TRUNC(ROUND(F21*H21,2),2) -> 406.9
A22: 1.1.13 | B22: 010246 | C22: DER-ES | D22: Lixamento de parede com pintura antiga PVA para recebimento de nova camada de tinta | E22: m2 | F22: ='MEMÓRIA DE CÁLCULO'!J106 -> 322.3902 | G22: 3.02 | H22: =G22*1.3196 -> 3.985192 | I22: =TRUNC(ROUND(F22*H22,2),2) -> 1284.79
A23: 1.1.14 | B23: 010256 | C23: DER-ES | D23: Remoção de telha ondulada de fibrocimento, inclusive cumeeira | E23: m2 | F23: ='MEMÓRIA DE CÁLCULO'!J110 -> 39.025 | G23: 6.11 | H23: =G23*1.3196 -> 8.062756 | I23: =TRUNC(ROUND(F23*H23,2),2) -> 314.65
A24: 1.1.15 | B24: 010271 | C24: DER-ES | D24: Retirada de caixas/quadros elétricos | E24: und | F24: ='MEMÓRIA DE CÁLCULO'!J114 -> 1 | G24: 11.88 | H24: =G24*1.3196 -> 15.676848 | I24: =TRUNC(ROUND(F24*H24,2),2) -> 15.68
A25: 1.1.16 | B25: 010325 | C25: DER-ES | D25: Demolição de estrutura de madeira para telhado | E25: m2 | F25: ='MEMÓRIA DE CÁLCULO'!J118 -> 39.025 | G25: 23.46 | H25: =G25*1.3196 -> 30.957816 | I25: =TRUNC(ROUND(F25*H25,2),2) -> 1208.13
A26: 1.1.17 | B26: 010333 | C26: DER-ES | D26: Retirada de piso de borracha | E26: m2 | F26: ='MEMÓRIA DE CÁLCULO'!J123 -> 23.435 | G26: 6.69 | H26: =G26*1.3196 -> 8.828124 | I26: =TRUNC(ROUND(F26*H26,2),2) -> 206.89
D27: SUB-ITEM 01 | I27: =SUM(I9:I26) -> 11591.91
A28: 2 | B28: 02 | C28: DER-ES | D28: INSTALAÇÃO DO CANTEIRO DE OBRAS | H28: =G28*1.3196 -> 0 | I28: =TRUNC(ROUND(F28*H28,2),2) -> 0
A29: 2.1 | B29: 0203 | C29: DER-ES | D29: TAPUMES, BARRACÕES E COBERTURAS | H29: =G29*1.3196 -> 0 | I29: =TRUNC(ROUND(F29*H29,2),2) -> 0
A30: 2.1.1 | B30: 020305 | C30: DER-ES | D30: Placa de obra nas dimensões de 2.0 x 4.0 m, padrão IOPES | E30: m2 | F30: ='MEMÓRIA DE CÁLCULO'!J129 -> 8 | G30: 269.31 | H30: =G30*1.3196 -> 355.38148 | I30: =TRUNC(ROUND(F30*H30,2),2) -> 2843.05
A31: 2.1.2 | B31: 020339 | C31: DER-ES | D31: Locação de andaime metálico para trabalho em fachada de edifíco (aluguel de 1 m² por 1 mês) inclusive frete, montagem e desmontagem | E31: m2 | F31: ='MEMÓRIA DE CÁLCULO'!J134 -> 142.2 | G31: 14.88 | H31: =G31*1.3196 -> 19.635648 | I31: =TRUNC(ROUND(F31*H31,2),2) -> 2792.19
A32: 2.1.3 | B32: 020350 | C32: DER-ES | D32: Tapume Telha Metálica Ondulada em aço galvalume 0,50mm Branca h=2,20m, incl. montagem estr. mad. 8"x8", c/adesivo "DER-ES" 60x60cm a cada 10m, incl. faixas pint. esmalte sint. cores azul c/ h=30cm e rosa c/ h=10cm (Reaproveitamento 2x) | E32: m | F32: ='MEMÓRIA DE CÁLCULO'!J139 -> 13.2 | G32: 207.79 | H32: =G32*1.3196 -> 274.19968 | I32: =TRUNC(ROUND(F32*H32,2),2) -> 3619.44
D33: SUB-ITEM 02 | I33: =SUM(I28:I32) -> 9254.68
A34: 3 | B34: 03 | C34: DER-ES | D34: MOVIMENTO DE TERRA | I34: =TRUNC(ROUND(F34*H34,2),2) -> 0
A35: 3.1 | B35: 0301 | C35: DER-ES | D35: ESCAVAÇÕES | I35: =TRUNC(ROUND(F35*H35,2),2) -> 0
A36: 3.1.1 | B36: 030101 | C36: DER-ES | D36: Escavação manual em material de 1a. categoria, até 1.50 m de profundidade | E36: m3 | F36: ='MEMÓRIA DE CÁLCULO'!J146 -> 5.58525 | G36: 45.66 | H36: =G36*1.3196 -> 60.252936 | I36: =TRUNC(ROUND(F36*H36,2),2) -> 336.53
A37: 3.2 | B37: 0302 | C37: DER-ES | D37: REATERRO E COMPACTAÇÃO | I37: =TRUNC(ROUND(F37*H37,2),2) -> 0
A38: 3.2.1 | B38: 030201 | C38: DER-ES | D38: Reaterro apiloado de cavas de fundação, em camadas de 20 cm | E38: m3 | F38: ='MEMÓRIA DE CÁLCULO'!J154 -> 2.6196 | G38: 49.18 | H38: =G38*1.3196 -> 64.897928 | I38: =TRUNC(ROUND(F38*H38,2),2) -> 170.01
A39: 3.3 | B39: 0303 | C39: DER-ES | D39: TRANSPORTES | I39: =TRUNC(ROUND(F39*H39,2),2) -> 0
A40: 3.3.1 | B40: 030304 | C40: DER-ES | D40: Índice de preço para remoção de entulho decorrente da execução de obras (Classe A CONAMA - NBR 10.004 - Classe II-B), incluindo aluguel da caçamba, carga, transporte e descarga em área licenciada | E40: m3 | F40: ='MEMÓRIA DE CÁLCULO'!J171 -> 21.28581 | G40: 60.85 | H40: =G40*1.3196 -> 80.29766 | I40: =TRUNC(ROUND(F40*H40,2),2) -> 1709.2
D41: SUB-ITEM 03 | I41: =SUM(I34:I40) -> 2215.74
A42: 4 | B42: 04 | C42: DER-ES | D42: ESTRUTURAS | I42: =TRUNC(ROUND(F42*H42,2),2) -> 0
A43: 4.1 | B43: 0402 | C43: DER-ES | D43: INFRA-ESTRUTURA (FUNDAÇÃO) | I43: =TRUNC(ROUND(F43*H43,2),2) -> 0
A44: 4.1.1 | B44: 040231 | C44: DER-ES | D44: Fornecimento, preparo e aplicação de concreto magro com consumo mínimo de cimento de 250 kg/m3 (brita 1 e 2) - (5% de perdas já incluído no custo) | E44: m3 | F44: ='MEMÓRIA DE CÁLCULO'!J178 -> 0.75765 | G44: 527.91 | H44: =G44*1.3196 -> 696.63004 | I44: =TRUNC(ROUND(F44*H44,2),2) -> 527.8
A45: 4.1.2 | B45: 040238 | C45: DER-ES | D45: Fôrma de chapa compensada resinada 12mm, levando-se em conta a utilização 3 vezes (incluido o material, corte, montagem, escoramento e desfôrma) | E45: m2 | F45: ='MEMÓRIA DE CÁLCULO'!J184 -> 19.304 | G45: 88.63 | H45: =G45*1.3196 -> 116.95615 | I45: =TRUNC(ROUND(F45*H45,2),2) -> 2257.72
A46: 4.1.3 | B46: 040243 | C46: DER-ES | D46: Fornecimento, dobragem e colocação em fôrma, de armadura CA-50 A média, diâmetro de 6.3 a 10.0 mm | E46: kg | F46: ='MEMÓRIA DE CÁLCULO'!J202 -> 98.2447 | G46: 12.94 | H46: =G46*1.3196 -> 17.075624 | I46: =TRUNC(ROUND(F46*H46,2),2) -> 1677.59
A47: 4.1.4 | B47: 040246 | C47: DER-ES | D47: Fornecimento, dobragem e colocação em fôrma, de armadura CA-60 B fina, diâmetro de 4.0 a 7.0mm | E47: kg | F47: ='MEMÓRIA DE CÁLCULO'!J210 -> 26.49724 | G47: 15.75 | H47: =G47*1.3196 -> 20.7837 | I47: =TRUNC(ROUND(F47*H47,2),2) -> 550.71
A48: 4.1.5 | B48: 040253 | C48: DER-ES | D48: Fornecimento e aplicação de concreto USINADO Fck=30 MPa - considerando lançamento MANUAL para INFRA-ESTRUTURA (5% de perdas já incluído no custo) | E48: m3 | F48: ='MEMÓRIA DE CÁLCULO'!J216 -> 2.208 | G48: 539.04 | H48: =G48*1.3196 -> 711.31718 | I48: =TRUNC(ROUND(F48*H48,2),2) -> 1570.59
A49: 4.2 | B49: 0403 | C49: DER-ES | D49: SUPER-ESTRUTURA | I49: =TRUNC(ROUND(F49*H49,2),2) -> 0
A50: 4.2.1 | B50: 040328 | C50: DER-ES | D50: Fornecimento, dobragem e colocação em fôrma, de armadura CA-50 A média, diâmetro de 6.3 a 10.0 mm | E50: kg | F50: ='MEMÓRIA DE CÁLCULO'!J231 -> 74.76148 | G50: 12.94 | H50: =G50*1.3196 -> 17.075624 | I50: =TRUNC(ROUND(F50*H50,2),2) -> 1276.6
A51: 4.2.2 | B51: 040331 | C51: DER-ES | D51: Fornecimento e aplicação de concreto USINADO Fck=30 MPa - considerando BOMBEAMENTO (5% de perdas já incluído no custo) (6% de taxa p/ concr. bombeavel) | E51: m3 | F51: ='MEMÓRIA DE CÁLCULO'!J237 -> 3.4101 | G51: 479.51 | H51: =G51*1.3196 -> 632.7614 | I51: =TRUNC(ROUND(F51*H51,2),2) -> 2157.78
A52: 4.2.3 | B52: 040333 | C52: DER-ES | D52: Fornecimento, dobragem e colocação em fôrma, de armadura CA-60 B fina, diâmetro de 4.0 a 7.0mm | E52: kg | F52: ='MEMÓRIA DE CÁLCULO'!J246 -> 31.73324 | G52: 15.75 | H52: =G52*1.3196 -> 20.7837 | I52: =TRUNC(ROUND(F52*H52,2),2) -> 659.53
A53: 4.2.4 | B53: 040337 | C53: DER-ES | D53: Fôrma em chapa de madeira compensada plastificada 12mm para estrutura em geral, 5 reaproveitamentos, reforçada com sarrafos de madeira 2.5x10cm (incl material, corte, montagem, escoras em eucalipto e desforma) | E53: m2 | F53: ='MEMÓRIA DE CÁLCULO'!J255 -> 49.824 | G53: 104.2 | H53: =G53*1.3196 -> 137.50232 | I53: =TRUNC(ROUND(F53*H53,2),2) -> 6850.92
A54: 4.3 | B54: 0408 | C54: DER-ES | D54: RECUPERAÇÃO DE ESTRUTURAS | H54: =G54*1.3196 -> 0 | I54: =TRUNC(ROUND(F54*H54,2),2) -> 0
A55: 4.3.1 | B55: 040806 | C55: DER-ES | D55: Limpeza de aço com lixamento e escovamento com escova de aço, até a completa remoção de partículas soltas, materiais indesejáveis e corrosão | E55: m2 | F55: ='MEMÓRIA DE CÁLCULO'!J260 -> 18 | G55: 21.08 | H55: =G55*1.3196 -> 27.817168 | I55: =TRUNC(ROUND(F55*H55,2),2) -> 500.71
A56: 4.3.2 | B56: 040807 | C56: DER-ES | D56: Aplicação de Sika Top 108 Armatec ou equivalente, nas ferragens a serem recuperadas | E56: m2 | F56: ='MEMÓRIA DE CÁLCULO'!J264 -> 2.4 | G56: 64.33 | H56: =G56*1.3196 -> 84.889868 | I56: =TRUNC(ROUND(F56*H56,2),2) -> 203.74
D57: SUB-ITEM 04 | I57: =SUM(I42:I56) -> 18233.69
A58: 5 | B58: 05 | C58: DER-ES | D58: PAREDES E PAINÉIS | I58: =TRUNC(ROUND(F58*H58,2),2) -> 0
A59: 5.1 | B59: 0506 | C59: DER-ES | D59: ALVENARIA DE VEDAÇÃO EMPREGANDO ARGAMASSA DE CIMENTO, CAL E AREIA | I59: =TRUNC(ROUND(F59*H59,2),2) -> 0
A60: 5.1.1 | B60: 050605 | C60: DER-ES | D60: Alvenaria de blocos cerâmicos 10 furos 10x20x20cm, assentados c/argamassa de cimento, cal hidratada CH1 e areia traço 1:0,5:8, juntas 12mm e esp. das paredes s/revestimento, 10cm (bloco comprado na praça de Vitória, posto obra) | E60: m2 | F60: ='MEMÓRIA DE CÁLCULO'!J271 -> 83.012 | G60: 70.73 | H60: =G60*1.3196 -> 93.335308 | I60: =TRUNC(ROUND(F60*H60,2),2) -> 7747.95
D61: SUB-ITEM 05 | I61: =SUM(I58:I60) -> 7747.95
A62: 6 | B62: 07 | C62: DER-ES | D62: ESQUADRIAS METÁLICAS | I62: =TRUNC(ROUND(F62*H62,2),2) -> 0
A63: 6.1 | B63: 0711 | C63: DER-ES | D63: GRADES E PORTÕES | I63: =TRUNC(ROUND(F63*H63,2),2) -> 0
A64: 6.1.1 | B64: 071106 | C64: DER-ES | D64: Portão de ferro de correr em barra chata, inclusive chumbamento | E64: m2 | F64: ='MEMÓRIA DE CÁLCULO'!J278 -> 8.492 | G64: 859.08 | H64: =G64*1.3196 -> 1133.642 | I64: =TRUNC(ROUND(F64*H64,2),2) -> 9626.89
A65: 6.2 | B65: 0717 | C65: DER-ES | D65: ESQUADRIAS METÁLICAS (M2) | I65: =TRUNC(ROUND(F65*H65,2),2) -> 0
A66: 6.2.1 | B66: 071702 | C66: DER-ES | D66: Báscula para vidro em alumínio anodizado cor natural, linha 25, completa, com tranca, caixilho, alizar e contramarco, exclusive vidro | E66: m2 | F66: ='MEMÓRIA DE CÁLCULO'!J284 -> 1.44 | G66: 672.56 | H66: =G66*1.3196 -> 887.51018 | I66: =TRUNC(ROUND(F66*H66,2),2) -> 1278.01
A67: 6.2.2 | B67: 071704 | C67: DER-ES | D67: Porta de abrir tipo veneziana em alumínio anodizado, linha 25, completa, incl. puxador com tranca, caixilho, alizar e contramarco | E67: m2 | F67: ='MEMÓRIA DE CÁLCULO'!J289 -> 3.36 | G67: 1047.13 | H67: =G67*1.3196 -> 1381.7927 | I67: =TRUNC(ROUND(F67*H67,2),2) -> 4642.82
D68: SUB-ITEM 06 | I68: =SUM(I62:I67) -> 15547.72
A69: 7 | B69: 08 | C69: DER-ES | D69: VIDROS E ESPELHOS | I69: =TRUNC(ROUND(F69*H69,2),2) -> 0
A70: 7.1 | B70: 0802 | C70: DER-ES | D70: ESPELHOS | I70: =TRUNC(ROUND(F70*H70,2),2) -> 0
A71: 7.1.1 | B71: 080201 | C71: DER-ES | D71: Espelho para banheiros espessura 4 mm, incluindo chapa compensada 10 mm, moldura de alumínio em perfil L 3/4", fixado com parafusos cromados | E71: m2 | F71: ='MEMÓRIA DE CÁLCULO'!J296 -> 0.72 | G71: 667.41 | H71: =G71*1.3196 -> 880.71424 | I71: =TRUNC(ROUND(F71*H71,2),2) -> 634.11
D72: SUB-ITEM 07 | I72: =SUM(I69:I71) -> 634.11
A73: 8 | B73: 09 | C73: DER-ES | D73: COBERTURA | I73: =TRUNC(ROUND(F73*H73,2),2) -> 0
A74: 8.1 | B74: 0901 | C74: DER-ES | D74: ESTRUTURA PARA TELHADO | I74: =TRUNC(ROUND(F74*H74,2),2) -> 0
A75: 8.1.1 | B75: 090102 | C75: DER-ES | D75: Estrutura de madeira de lei tipo Paraju, peroba mica, angelim pedra ou equivalente para telhado de telha ondulada de fibrocimento esp. 6mm, com pontaletes e caibros, inclusive tratamento com cupinicida, exclusive telhas | E75: m2 | F75: ='MEMÓRIA DE CÁLCULO'!J302 -> 39.025 | G75: 113.68 | H75: =G75*1.3196 -> 150.01213 | I75: =TRUNC(ROUND(F75*H75,2),2) -> 5854.22
A76: 8.2 | B76: 0902 | C76: DER-ES | D76: TELHADO | H76: =G76*1.3196 -> 0 | I76: =TRUNC(ROUND(F76*H76,2),2) -> 0
A77: 8.2.1 | B77: 090202 | C77: DER-ES | D77: Cobertura nova de telhas onduladas de fibrocimento 6.0mm, inclusive cumeeiras e acessórios de fixação | E77: m2 | F77: ='MEMÓRIA DE CÁLCULO'!J307 -> 39.025 | G77: 56.61 | H77: =G77*1.3196 -> 74.702556 | I77: =TRUNC(ROUND(F77*H77,2),2) -> 2915.27
A78: 8.3 | B78: 0903 | C78: DER-ES | D78: RUFOS E CALHAS | H78: =G78*1.3196 -> 0 | I78: =TRUNC(ROUND(F78*H78,2),2) -> 0
A79: 8.3.1 | B79: 090312 | C79: DER-ES | D79: Calha em chapa galvanizada com largura de 40 cm | E79: m | F79: ='MEMÓRIA DE CÁLCULO'!J313 -> 59.46 | G79: 129.46 | H79: =G79*1.3196 -> 170.83542 | I79: =TRUNC(ROUND(F79*H79,2),2) -> 10157.87
D80: SUB-ITEM 08 | I80: =SUM(I73:I79) -> 18927.36
A81: 9 | B81: 10 | C81: DER-ES | D81: IMPERMEABILIZAÇÃO | I81: =TRUNC(ROUND(F81*H81,2),2) -> 0
A82: 9.1 | B82: 1002 | C82: DER-ES | D82: IMPERMEABILIZAÇÃO CALHAS, LAJES DESCOBERTAS, BALDRAMES, PAREDES E JARDINEIRAS | I82: =TRUNC(ROUND(F82*H82,2),2) -> 0
A83: 9.1.1 | B83: 100203 | C83: DER-ES | D83: Pintura impermeabilizante com igolflex ou equivalente a 3 demãos | E83: m2 | F83: ='MEMÓRIA DE CÁLCULO'!J320 -> 20.766 | G83: 41.96 | H83: =G83*1.3196 -> 55.370416 | I83: =TRUNC(ROUND(F83*H83,2),2) -> 1149.82
D84: SUB-ITEM 09 | I84: =SUM(I81:I83) -> 1149.82
A85: 10 | B85: 12 | C85: DER-ES | D85: REVESTIMENTO DE PAREDES | I85: =TRUNC(ROUND(F85*H85,2),2) -> 0
A86: 10.1 | B86: 1201 | C86: DER-ES | D86: REVESTIMENTO COM ARGAMASSA | I86: =TRUNC(ROUND(F86*H86,2),2) -> 0
A87: 10.1.1 | B87: 120101 | C87: DER-ES | D87: Chapisco de argamassa de cimento e areia média ou grossa lavada, no traço 1:3, espessura 5 mm | E87: m2 | F87: ='MEMÓRIA DE CÁLCULO'!J333 -> 257.6803 | G87: 5.69 | H87: =G87*1.3196 -> 7.508524 | I87: =TRUNC(ROUND(F87*H87,2),2) -> 1934.8
A88: 10.2 | B88: 1203 | C88: DER-ES | D88: REVESTIMENTO EMPREGANDO ARGAMASSA DE CIMENTO, CAL E AREIA | H88: =G88*1.3196 -> 0 | I88: =TRUNC(ROUND(F88*H88,2),2) -> 0
A89: 10.2.1 | B89: 120303 | C89: DER-ES | D89: Reboco tipo paulista de argamassa de cimento, cal hidratada CH1 e areia média ou grossa lavada no traço 1:0.5:6, espessura 25 mm | E89: m2 | F89: ='MEMÓRIA DE CÁLCULO'!J338 -> 257.6803 | G89: 47.53 | H89: =G89*1.3196 -> 62.720588 | I89: =TRUNC(ROUND(F89*H89,2),2) -> 16161.86
D90: SUB-ITEM 10 | I90: =SUM(I85:I89) -> 18096.66
A91: 11 | B91: 13 | C91: DER-ES | D91: PISOS INTERNOS E EXTERNOS | I91: =TRUNC(ROUND(F91*H91,2),2) -> 0
A92: 11.1 | B92: 1302 | C92: DER-ES | D92: ACABAMENTOS | I92: =TRUNC(ROUND(F92*H92,2),2) -> 0
A93: 11.1.1 | B93: 130209 | C93: DER-ES | D93: Piso de cimentado camurçado executado com argamassa de cimento e areia no traço 1:3, esp. 3.0cm | E93: m2 | F93: ='MEMÓRIA DE CÁLCULO'!J345 -> 23.435 | G93: 85.42 | H93: =G93*1.3196 -> 112.72023 | I93: =TRUNC(ROUND(F93*H93,2),2) -> 2641.6
A94: 11.1.2 | B94: 130233 | C94: DER-ES | D94: Porcelanato polido, acabamento acetinado, dim. 60x60cm, ref. de cor CIMENTO CINZA BOLD Potobello/equiv, utilizando dupla colagem de argamassa colante para porcelanato tipo ACIII e rejunte 1mm para porcelanato | E94: m2 | F94: ='MEMÓRIA DE CÁLCULO'!J355 -> 43.8 | G94: 101.08 | H94: =G94*1.3196 -> 133.38517 | I94: =TRUNC(ROUND(F94*H94,2),2) -> 5842.27
D95: SUB-ITEM 11 | I95: =SUM(I91:I94) -> 8483.87
A96: 12 | B96: 14 | C96: DER-ES | D96: INSTALAÇÕES HIDRO-SANITÁRIAS | I96: =TRUNC(ROUND(F96*H96,2),2) -> 0
A97: 12.1 | B97: 1407 | C97: DER-ES | D97: PONTOS HIDRO-SANITÁRIOS | I97: =TRUNC(ROUND(F97*H97,2),2) -> 0
A98: 12.1.1 | B98: 140701 | C98: DER-ES | D98: Ponto de água fria (lavatório, tanque, pia de cozinha, etc...) | E98: pt | F98: ='MEMÓRIA DE CÁLCULO'!J361 -> 2 | G98: 94.74 | H98: =G98*1.3196 -> 125.0189 | I98: =TRUNC(ROUND(F98*H98,2),2) -> 250.04
A99: 12.1.2 | B99: 140705 | C99: DER-ES | D99: Ponto para esgoto primário (vaso sanitário) | E99: pt | F99: ='MEMÓRIA DE CÁLCULO'!J366 -> 1 | G99: 111.23 | H99: =G99*1.3196 -> 146.77911 | I99: =TRUNC(ROUND(F99*H99,2),2) -> 146.78
A100: 12.1.3 | B100: 140706 | C100: DER-ES | D100: Ponto para esgoto secundário (pia, lavatório, mictório, tanque, bidê, etc...) | E100: pt | F100: ='MEMÓRIA DE CÁLCULO'!J371 -> 1 | G100: 86.3 | H100: =G100*1.3196 -> 113.88148 | I100: =TRUNC(ROUND(F100*H100,2),2) -> 113.88
...

Sheet MEMÓRIA DE CÁLCULO
A1: PREFEITURA MUNICIPAL DE JOÃO NEIVA SECRETARIA MUNICIPAL DE DESENVOLVIMENTO URBANO, HABITAÇÃO E OBRAS PÚBLICAS
A2: OBRA: REFORMA DA QUADRA POLIESPORTIVA DE CAVALINHO, JOÃO NEIVA/ES
A3: LOCAL: JOÃO NEIVA/ES
A5: MEMÓRIA DE CÁLCULO
A6: CÓDIGO | B6: DESCRIÇÃO SERVIÇO | C6: UNIDADE | D6: Qnt | E6: C (m) | F6: L (m) | G6: H (m) | H6: A(m2) | I6: V(m3) | J6: QUANT. DO SERVIÇO
A7: 1 | B7: ='PLANILHA ORÇAMENTÁRIA'!D8 -> SERVIÇOS PRELIMINARES
A8: 1.1 | B8: ='PLANILHA ORÇAMENTÁRIA'!D9 -> DEMOLIÇÕES E RETIRADAS
A9: ='PLANILHA ORÇAMENTÁRIA'!A10 -> 1.1.1 | B9: ='PLANILHA ORÇAMENTÁRIA'!D10 -> Demolição de piso revestido com cerâmica | C9: ='PLANILHA ORÇAMENTÁRIA'!E10 -> m2 | D9: Qnt | E9: C (m) | F9: L (m) | G9: H (m) | H9: A(m2) | I9: V(m3) | J9: QUANT. DO SERVIÇO
B10: Banheiro feminino | E10: 2 | F10: 2.88 | H10: =E10*F10 -> 5.76 | J10: =H10 -> 5.76
B11: Banheiro masculino | E11: 3 | F11: 2.88 | H11: =E11*F11 -> 8.64 | J11: =H11 -> 8.64
I12: Total | J12: =SUM(J10:J11) -> 14.4
A14: ='PLANILHA ORÇAMENTÁRIA'!A11 -> 1.1.2 | B14: ='PLANILHA ORÇAMENTÁRIA'!D11 -> Demolição de revestimento com azulejos | C14: ='PLANILHA ORÇAMENTÁRIA'!E11 -> m2 | D14: Qnt | E14: C (m) | F14: L (m) | G14: H (m) | H14: A(m2) | I14: V(m3) | J14: QUANT. DO SERVIÇO
I15: Vãos a descontar (m²)
B16: Banheiro Feminino | D16: 2 | E16: 2 | G16: 2.23 | H16: =D16*E16*G16 -> 8.92 | I16: =0.6*0.6+0.6*2.1 -> 1.62 | J16: =H16-I16 -> 7.3
D17: 2 | E17: 2.88 | G17: 2.23 | H17: =D17*E17*G17 -> 12.8448 | J17: =H17-I17 -> 12.8448
B18: Banheiro Masculino | D18: 2 | E18: 2.88 | G18: 2.23 | H18: =D18*E18*G18 -> 12.8448 | J18: =H18-I18 -> 12.8448
D19: 2 | E19: 3 | G19: 2.23 | H19: =D19*E19*G19 -> 13.38 | I19: =0.6*0.6+0.6*2.1 -> 1.62 | J19: =H19-I19 -> 11.76
B20: Cozinha | D20: 1 | E20: 1.24 | G20: 2.54 | H20: =D20*E20*G20 -> 3.1496 | J20: =H20-I20 -> 3.1496
I21: Total | J21: =SUM(J16:J20) -> 47.8992
A23: ='PLANILHA ORÇAMENTÁRIA'!A12 -> 1.1.3 | B23: ='PLANILHA ORÇAMENTÁRIA'!D12 -> Retirada de revestimento antigo em reboco | C23: ='PLANILHA ORÇAMENTÁRIA'!E12 -> m2 | D23: Qnt | E23: C (m) | F23: L (m) | G23: H (m) | H23: A(m2) | I23: V(m3) | J23: QUANT. DO SERVIÇO
B24: Parede interna muro fundos (lado escola) | E24: 15.57 | G24: 1.38 | H24: =E24*G24 -> 21.4866 | J24: =H24 -> 21.4866
B25: Parede externa muro fundos (lado escola) | E25: 7.94 | G25: 1.38 | H25: =E25*G25 -> 10.9572 | J25: =H25 -> 10.9572
B26: Parede externa muro fundos (lado escola/rampa bilheteria) | E26: 4.5 | G26: =(2.23+1.6)/2 -> 1.915 | H26: =E26*G26 -> 8.6175 | J26: =H26 -> 8.6175
B27: Parte da parede externa da cozinha e banheiros | E27: 10 | G27: 2.1 | H27: =E27*G27 -> 21 | I27: =2*0.8*2.1+0.6*2.1 -> 4.62 | J27: =H27-I27 -> 16.38
I28: Total | J28: =SUM(J24:J27) -> 57.4413
A30: 1.1.4 | B30: ='PLANILHA ORÇAMENTÁRIA'!D13 -> Demolição de alvenaria | C30: ='PLANILHA ORÇAMENTÁRIA'!E13 -> m3 | D30: Qnt | E30: C (m) | F30: L (m) | G30: H (m) | H30: A(m2) | I30: V(m3) | J30: QUANT. DO SERVIÇO
H31: Vãos a descontar (m³)
B32: Banheiro Feminino P.N.E
B33: Parede sanitário | E33: 2.88 | F33: 0.13 | G33: 1.63 | H33: =2*0.6*1.63*0.13 -> 0.25428 | I33: =E33*F33*G33 -> 0.610272 | J33: =I33-H33 -> 0.355992
B34: Parede sanitário | E34: 1 | F34: 0.13 | G34: 1.63 | I34: =E34*F34*G34 -> 0.2119 | J34: =I34-H34 -> 0.2119
B35: Vão da porta | E35: 0.2 | F35: 0.13 | G35: 2.1 | I35: =E35*F35*G35 -> 0.0546 | J35: =I35-H35 -> 0.0546
B36: Vão da báscula a aumentar | E36: 0.6 | F36: 0.13 | G36: 0.6 | I36: =E36*F36*G36 -> 0.0468 | J36: =I36-H36 -> 0.0468
B37: Banheiro Masculino P.N.E | I37: =E37*F37*G37 -> 0 | J37: =I37-H37 -> 0
B38: Parede sanitário | E38: 1 | F38: 0.13 | G38: 2.5 | H38: =0.6*2.1*0.13 -> 0.1638 | I38: =E38*F38*G38 -> 0.325 | J38: =I38-H38 -> 0.1612
B39: Vão da porta | E39: 0.2 | F39: 0.13 | G39: 2.1 | I39: =E39*F39*G39 -> 0.0546 | J39: =I39-H39 -> 0.0546
B40: Vão da báscula a aumentar | E40: 0.6 | F40: 0.13 | G40: 0.6 | I40: =E40*F40*G40 -> 0.0468 | J40: =I40-H40 -> 0.0468
B41: Vão da porta para o Depósito | E41: 0.6 | F41: 0.13 | G41: 2.1 | I41: =E41*F41*G41 -> 0.1638 | J41: =I41-H41 -> 0.1638
B42: Parede divisa vizinho | E42: 28.3 | F42: 0.13 | G42: 1.18 | I42: =E42*F42*G42 -> 4.34122 | J42: =I42-H42 -> 4.34122
I43: Total | J43: =SUM(J32:J42) -> 5.436912
A45: 1.1.5 | B45: ='PLANILHA ORÇAMENTÁRIA'!D14 -> Retirada de portas e janelas de madeira, inclusive batentes | C45: ='PLANILHA ORÇAMENTÁRIA'!E14 -> m2 | D45: Qnt | E45: C (m) | F45: L (m) | G45: H (m) | H45: A(m2) | I45: V(m3) | J45: QUANT. DO SERVIÇO
B46: Banheiro Feminino | D46: 1 | F46: 0.6 | G46: 2.1 | H46: =F46*G46 -> 1.26 | J46: =D46*H46 -> 1.26
B47: Banheiro Masculino | D47: 1 | F47: 0.6 | G47: 2.1 | H47: =F47*G47 -> 1.26 | J47: =D47*H47 -> 1.26
I48: Total | J48: =SUM(J46:J47) -> 2.52
A50: 1.1.6 | B50: ='PLANILHA ORÇAMENTÁRIA'!D15 -> Retirada de esquadrias metálicas | C50: ='PLANILHA ORÇAMENTÁRIA'!E15 -> m2 | D50: Qnt | E50: C (m) | F50: L (m) | G50: H (m) | H50: A(m2) | I50: V(m3) | J50: QUANT. DO SERVIÇO
B51: Banheiro Feminino | D51: 2 | F51: 0.6 | G51: 1.63 | H51: =F51*G51 -> 0.978 | J51: =D51*H51 -> 1.956
D52: 1 | F52: 0.6 | G52: 0.6 | H52: =F52*G52 -> 0.36 | J52: =D52*H52 -> 0.36
B53: Banheiro Masculino | D53: 1 | F53: 0.6 | G53: 2.1 | H53: =F53*G53 -> 1.26 | J53: =D53*H53 -> 1.26
D54: 1 | F54: 0.6 | G54: 0.6 | H54: =F54*G54 -> 0.36 | J54: =D54*H54 -> 0.36
I55: Total | J55: =SUM(J51:J54) -> 3.936
A57: 1.1.7 | B57: ='PLANILHA ORÇAMENTÁRIA'!D16 -> Demolição manual de concreto armado (EMOP 05.001.033) | C57: ='PLANILHA ORÇAMENTÁRIA'!E16 -> m3 | D57: Qnt | E57: C (m) | F57: L (m) | G57: H (m) | H57: A(m2) | I57: V(m3) | J57: QUANT. DO SERVIÇO
B58: Viga parede divisa | D58: 1 | E58: 28.3 | F58: 0.13 | G58: 0.2 | I58: =E58*F58*G58 -> 0.7358 | J58: =I58-H58 -> 0.7358
B59: Piso da quadra para execução das sapatas de divisa | D59: 5 | E59: 0.85 | F59: 0.75 | G59: 0.1 | I59: =E59*F59*G59 -> 0.06375 | J59: =D59*I59 -> 0.31875
B60: Piso da quadra para execução da viga de divisa | D60: 1 | E60: 23.1 | F60: 0.45 | G60: 0.1 | I60: =E60*F60*G60 -> 1.0395 | J60: =D60*I60 -> 1.0395
I61: Total | J61: =SUM(J58:J60) -> 2.09405
A63: 1.1.8 | B63: ='PLANILHA ORÇAMENTÁRIA'!D17 -> Demolição de piso cimentado, exclusive lastro de concreto | C63: ='PLANILHA ORÇAMENTÁRIA'!E17 -> m2 | D63: Qnt | E63: C (m) | F63: L (m) | G63: H (m) | H63: A(m2) | I63: V(m3) | J63: QUANT. DO SERVIÇO
B64: Rampa Entrada quadra P.N.E | E64: 6.3 | F64: 1.65 | H64: =E64*F64 -> 10.395 | J64: =H64 -> 10.395
B65: Rampa Bilheteria P.N.E | E65: 8.15 | F65: 1.6 | H65: =E65*F65 -> 13.04 | J65: =H65 -> 13.04
I66: Total | J66: =SUM(J64:J65) -> 23.435
A68: 1.1.9 | B68: ='PLANILHA ORÇAMENTÁRIA'!D18 -> Retirada de aparelhos sanitários | C68: ='PLANILHA ORÇAMENTÁRIA'!E18 -> und | D68: Qnt | E68: C (m) | F68: L (m) | G68: H (m) | H68: A(m2) | I68: V(m3) | J68: QUANT. DO SERVIÇO
B69: Banheiro Feminino (2 vasos e 1 lavatório) | D69: 3 | J69: =D69 -> 3
B70: Banheiro Masculino (2 mictórios, 1 vaso e 1 lavatório) | D70: 4 | J70: =D70 -> 4
I71: Total | J71: =SUM(J69:J70) -> 7
A73: 1.1.10 | B73: ='PLANILHA ORÇAMENTÁRIA'!D19 -> Retirada de grades, gradis, alambrados, cercas e portões | C73: ='PLANILHA ORÇAMENTÁRIA'!E19 -> m2 | D73: Qnt | E73: C (m) | F73: L (m) | G73: H (m) | H73: A(m2) | I73: V(m3) | J73: QUANT. DO SERVIÇO
B74: Portão de entrada da quadra | F74: 1.78 | G74: 2.2 | H74: =F74*G74 -> 3.916 | J74: =H74 -> 3.916
B75: Portão de entrada da quadra (lado escola) | F75: 2.06 | G75: 2.2 | H75: =F75*G75 -> 4.532 | J75: =H75 -> 4.532
B76: Retirada do alambrado (lado vizinho) | E76: 28.15 | G76: =7-1.38 -> 5.62 | H76: =E76*G76 -> 158.203 | J76: =H76 -> 158.203
I77: Total | J77: =SUM(J74:J76) -> 166.651
A79: 1.1.11 | B79: ='PLANILHA ORÇAMENTÁRIA'!D20 -> Retirada de divisórias com reaproveitamento | C79: ='PLANILHA ORÇAMENTÁRIA'!E20 -> m2 | D79: Qnt | E79: C (m) | F79: L (m) | G79: H (m) | H79: A(m2) | I79: V(m3) | J79: QUANT. DO SERVIÇO
B80: Banheiro Masculino | D80: 2 | F80: 0.75 | G80: 1.78 | H80: =F80*G80 -> 1.335 | J80: =D80*H80 -> 2.67
I81: Total | J81: =SUM(J80) -> 2.67
A83: 1.1.12 | B83: ='PLANILHA ORÇAMENTÁRIA'!D21 -> Retirada de pontos elétricos (luminárias, interruptores e tomadas) | C83: ='PLANILHA ORÇAMENTÁRIA'!E21 -> und | D83: Qnt | E83: C (m) | F83: L (m) | G83: H (m) | H83: A(m2) | I83: V(m3) | J83: QUANT. DO SERVIÇO
B84: Refletores | D84: 16 | J84: =D84 -> 16
B85: Tomadas quadra | D85: 8 | J85: =D85 -> 8
B86: Tomadas e interruptores (banheiros e cozinha) | D86: 7 | J86: =D86 -> 7
B87: Luminárias (Cozinha e banheiros) | D87: 4 | J87: =D87 -> 4
I88: Total | J88: =SUM(J84:J87) -> 35
A90: 1.1.13 | B90: ='PLANILHA ORÇAMENTÁRIA'!D22 -> Lixamento de parede com pintura antiga PVA para recebimento de nova camada de tinta | C90: ='PLANILHA ORÇAMENTÁRIA'!E22 -> m2 | D90: Qnt | E90: C (m) | F90: L (m) | G90: H (m) | H90: A(m2) | I90: V(m3) | J90: QUANT. DO SERVIÇO
I91: Vãos a descontar (m²)
B92: Parede interna muro lateral (lado rua) | E92: 18.85 | G92: 1.38 | H92: =E92*G92 -> 26.013 | J92: =H92 -> 26.013
E93: 1.74 | G93: 1.38 | H93: =E93*G93 -> 2.4012 | J93: =H93 -> 2.4012
E94: 7.43 | G94: 1.38 | H94: =E94*G94 -> 10.2534 | J94: =H94 -> 10.2534
B95: Parede interna muro rampa entrada da quadra (lado rua) | H95: 11.85 | J95: =H95 -> 11.85
B96: Parede externa muro lateral (lado rua) | H96: 106.6 | J96: =H96 -> 106.6
B97: Pilares (perímetro) | H97: =2.3*1.45+2.3*1.77+2.3*2.1+2.3*2.42+2.3*2.74+2.3*3.06 -> 31.142 | J97: =H97 -> 31.142
B98: Parede interna muro (próximo ao banheiro feminino) | E98: 7.82 | G98: 1.38 | H98: =E98*G98 -> 10.7916 | J98: =H98 -> 10.7916
B99: Parede acima das portas dos banheiros e cozinha | E99: 10 | G99: 1.9 | H99: =E99*G99 -> 19 | J99: =H99 -> 19
B100: Paredes externas Bilheteria | D100: 2 | E100: 1.75 | G100: 3.45 | H100: =D100*E100*G100 -> 12.075 | I100: =0.7*2.1+0.5*0.5 -> 1.72 | J100: =H100-I100 -> 10.355
D101: 1 | E101: 3.3 | G101: =3.45-1.38 -> 2.07 | H101: =D101*E101*G101 -> 6.831 | I101: =1.5*1.1 -> 1.65 | J101: =H101-I101 -> 5.181
B102: Paredes internas Bilheteria (perímetro) | E102: =3*2+1.6*2 -> 9.2 | G102: 3 | H102: =E102*G102 -> 27.6 | I102: =0.7*2.1+0.5*0.5+1.5*1.1 -> 3.37 | J102: =H102-I102 -> 24.23
B103: Paredes internas Cozinha (perímetro) | E103: =4.55*2+2.88*2 -> 14.86 | G103: =(1.15+1.55)/2 -> 1.35 | H103: =E103*G103 -> 20.061 | J103: =H103-I103 -> 20.061
B104: Paredes externas banheiros, cozinha e depósito | E104: 10.15 | G104: 3.5 | H104: =E104*G104 -> 35.525 | I104: =0.6*0.6*3+1.3*0.44*2 -> 2.224 | J104: =H104-I104 -> 33.301
E105: 3.03 | G105: =(3.5+3.9)/2 -> 3.7 | H105: =E105*G105 -> 11.211 | J105: =H105 -> 11.211
I106: Total | J106: =SUM(J92:J105) -> 322.3902
A108: 1.1.14 | B108: ='PLANILHA ORÇAMENTÁRIA'!D23 -> Remoção de telha ondulada de fibrocimento, inclusive cumeeira | C108: ='PLANILHA ORÇAMENTÁRIA'!E23 -> m2 | D108: Qnt | E108: C (m) | F108: L (m) | G108: H (m) | H108: A(m2) | I108: V(m3) | J108: QUANT. DO SERVIÇO
B109: Telhado (Cozinha e banheiros) | E109: 11.15 | F109: 3.5 | H109: =E109*F109 -> 39.025 | J109: =H109 -> 39.025
I110: Total | J110: =SUM(J109) -> 39.025
A112: 1.1.15 | B112: ='PLANILHA ORÇAMENTÁRIA'!D24 -> Retirada de caixas/quadros elétricos | C112: ='PLANILHA ORÇAMENTÁRIA'!E24 -> und | D112: Qnt | E112: C (m) | F112: L (m) | G112: H (m) | H112: A(m2) | I112: V(m3) | J112: QUANT. DO SERVIÇO
B113: Quadro de distribuição existente | C113: 1 | J113: =C113 -> 1
I114: Total | J114: =SUM(J113) -> 1
A116: 1.1.16 | B116: ='PLANILHA ORÇAMENTÁRIA'!D25 -> Demolição de estrutura de madeira para telhado | C116: ='PLANILHA ORÇAMENTÁRIA'!E25 -> m2 | D116: Qnt | E116: C (m) | F116: L (m) | G116: H (m) | H116: A(m2) | I116: V(m3) | J116: QUANT. DO SERVIÇO
...

Sheet LS
C2: PREFEITURA MUNICIPAL DE JOÃO NEIVA
C3: COMPOSIÇÃO LEIS SOCIAIS
C4: OBRA: REFORMA DA QUADRA POLIESPORTIVA DE CAVALINHO, JOÃO NEIVA/ES
C5: LOCAL: CAVALINHO, JOÃO NEIVA-ES
B7: GRUPO A - Encargos Sociais Básicos | E7: % IOPES
B8: A.1 | C8: INSS (Art. 22 da Lei 8.212/91) | E8: 0.2
B9: A.2 | C9: FGTS (Art. 27 do Decreto 99.684/90) | E9: 0.08
B10: A.3 | C10: SESI/SESC (Lei 8.029/90 e Lei 8.036/90) | E10: 0.018
B11: A.4 | C11: SENAI/SENAC (Lei 8.029/90 e Decreto-Lei 6246/44) | E11: 0.013
B12: A.5 | C12: SEBRAE (já considerado no item A.3 e A.4) | E12: -
B13: A.6 | C13: INCRA (Lei 2.613/55 e Decreto 1.146/70) | E13: 0.002
B14: A.7 | C14: SALÁRIO-EDUCAÇÃO (Decreto 87.043/82) | E14: 0.025
B15: A.8 | C15: SEGURO ACIDENTE DO TRABALHO (Lei 8.212/91 e Decreto 3.048/99) | E15: 0.03
B16: A.9 | C16: SECONCI/Medicina do Trabalho | E16: 0.01
B17: TOTAL GRUPO A | E17: =SUM(E8:E16) -> 0.378
B18: GRUPO B - Encargos Sociais que recebem a incidência do grupo A | E18: % IOPES
B19: B.1 | C19: Descanso Semanal Remunerado (Art. 66 da CLT e Art. 7º da CF/88) | E19: 0.1752
B20: B.2 | C20: Feriados (Art. 70 da CLT e Lei 605/49) | E20: 0.0391
B21: B.3 | C21: Auxílio doença e acidente do trabalho (Lei 3.607/60 e Art. 131 da CLT) | E21: 0.0076
B22: B.4 | C22: Licença Paternidade (Art. 7º da CF/88) | E22: 0.0011
B23: B.5 | C23: Faltas Legais (Art. 473 da CLT) | E23: 0.0067
B24: B.6 | C24: 13º Salário (Lei nº 4090/62) | E24: 0.1011
B25: B.7 | C25: Aviso Prévio Trabalhado (Art. 7º, inciso XXI da CF/88) | E25: 0.0034
B26: B.8 | C26: Dias de Chuvas | E26: -
B27: B.9 | C27: Férias Gozadas | E27: -
B28: B.10 | C28: Salário Maternidade | E28: -
B29: B.11 | C29: Auxílio - Enfermidade | E29: -
B30: TOTAL GRUPO B | E30: =SUM(E19:E29) -> 0.3342
B31: GRUPO C - Encargos Sociais que não recebem a incidência do grupo A | E31: % IOPES
B32: C.1 | C32: Dispensa sem justa causa (LC 110/01) | E32: 0.0534
B33: C.2 | C33: Férias indenizadas (Art. 129 a 148 da CLT) | E33: 0.112
B34: C.3 | C34: Aviso prévio indenizado (Art. 7º, inciso XXI da CF/88) | E34: 0.1129
B35: C.4 | C35: FGTS sobre aviso prévio indenizado (Súmula 305 TST) | E35: 0.009
B36: C.5 | C36: INSS sobre aviso prévio indenizado (Decreto 6.727/09) | E36: 0.0226
B37: C.6 | C37: Aviso prévio trabalhado | E37: -
B38: C.7 | C38: Indenização Adicional | E38: -
B39: TOTAL GRUPO C | E39: =SUM(E32:E38) -> 0.3099
B40: GRUPO D - Reincidência dos encargos sociais básicos | E40: % IOPES
B41: D.1 | C41: Incidência do grupo A sobre o grupo B | E41: =E17*E30 -> 0.1263276
B42: D.2 | C42: Reincidência de Grupo A sobre Aviso Prévio Trabalho e Reincidência do FGTS sobre Aviso Prévio Indenizado | E42: -
B43: TOTAL GRUPO D | E43: =SUM(E41:E42) -> 0.1263276
B44: GRUPO E - Encargos complementares | E44: % IOPES
B45: E.1 | C45: Refeição/alimentação (Convenção Coletiva do Trabalho 2012/2013) | E45: 0.2575
B46: E.2 | C46: Vale Transporte (Lei nº 7418/85 e Decreto 95.247/87) | E46: 0.0603
B47: E.3 | C47: Uniforme/equipamento de segurança (Art. 166 da CLT e NR-18 da Lei nº 6.514/77 e Convenção Coletiva do Trabalho 2012/2013) | E47: 0.0267
B48: E.4 | C48: Plano de Saúde (Convenção Coletiva do Trabalho 2012/2013 | E48: 0.0798
B49: TOTAL GRUPO E | E49: 0.4243
B50: TOTAL DOS GRUPO (A+B+C+D+E) | E50: =E49+E39+E30+E17+E43 -> 1.5727276

Sheet BDI
C2: PREFEITURA MUNICIPAL DE JOÃO NEIVA
C3: COMPOSIÇÃO BDI
C4: OBRA: REFORMA DA QUADRA POLIESPORTIVA DE CAVALINHO, JOÃO NEIVA/ES | F4: L. SOCIAIS: | G4: 1.5727 | H4: TABELA DE REFERÊNCIA: DER/ES
C5: LOCAL: JOÃO NEIVA-ES | F5: BDI: | G5: 0.3196 | H5: DATA-BASE: | J5: OUT/21
E7: Para Serviços
C8: GRUPO A
C9: Administração Central | E9: 0.0406
C10: Total Grupo A | E10: =E9 -> 0.0406
C11: GRUPO B
C12: Administração Local | E12: 0.0588
C13: Total Grupo B | E13: =E12 -> 0.0588
C14: GRUPO C
C15: Impostos/Tributos
C16: ISS | E16: 0.05
C17: PIS | E17: 0.0065
C18: COFINS | E18: 0.03
C19: CPRB | E19: 0
C20: Total Grupo C | E20: =SUM(E16:E19) -> 0.0865
C21: GRUPO D
C22: Custos Financeiros | E22: 0.0061
C23: Total Grupo D | E23: =E22 -> 0.0061
C24: GRUPO E
C25: Seguros / Garantia | E25: 0.005
C26: Riscos | E26: 0.005
C27: Total Grupo E | E27: =SUM(E25:E26) -> 0.01
C28: GRUPO F
C29: Lucro | E29: 0.08
C30: Total Grupo F | E30: =E29 -> 0.08
C32: BDI Total | E32: =(((1+E23)*(1+E10+E13+E27)*(1+E30)/(1-E20))-1) -> 0.31960671
B34: OBS:
B36: 1 | C36: - A fórmula para cálculo da taxa a ser acrescida aos custos diretos de um
C37: empreendimento a título de Benefícios e Despesas Indiretas é:
C38: BDI = {(1 + D)*(1 + A+B+E)*(1 + F)} -1, onde:
C39: (1 – C)
C40: A = ADMINISTRAÇÃO CENTRAL;
C41: B = ADMINISTRAÇÃO LOCAL;
C42: C = ISS + PIS + COFINS+INSS;
C43: D = CUSTOS FINANCEIROS;
C44: E = RISCOS, SEGUROS E GARANTIAS;
C45: F = BENEFÍCIO/LUCRO;
B46: JUSTIFICATIVA MODIFICAÇÃO DOS PERCENTUAIS:
B47: ADMINISTRAÇÃO LOCAL: FOI CONSIDERADO PERCENTUAL INFERIOR AO DA TABELA DE TAXA DE BDI PADRÃO APLICÁVEL, CONFORME RESOLUÇÃO Nº329, DE 24 DE SETEMBRO DE 2019, VISANDO NÃO ULTRAPASSAR O PERCENTUAL DO BDI TOTAL, CONSIDERANDO QUE HOUVE A NECESSIDADE DE AUMENTO DO ISSQN, DE ACORDO COM A LEI MUNICIPAL N° 3.203, DE 27 DE SETEMBRO DE 2019
B48: ISSQN: FOI CONSIDERADO PERCENTUAL SUPERIOR AO DA TABELA DE TAXA DE BDI PADRÃO APLICÁVEL, CONFORME RESOLUÇÃO Nº329, DE 24 DE SETEMBRO DE 2019, CONSIDERANDO QUE HOUVE A NECESSIDADE DE AUMENTO DO ISSQN, DE ACORDO COM A LEI MUNICIPAL N° 3.203, DE 27 DE SETEMBRO DE 2019.
B49: 2 | C49: - Discriminação do BDI
C51: A – Despesas financeiras:
C52: são aquelas decorrentes do custo do capital de giro para fazer frente às despesas realizadas antes do efetivo recebimento das devidas receitas. Foi apropriada por estimativa com base na média proposta no ACÓRDÃO Nº 2.622/2013, PLENÁRIO de 25 set.2013.
C56: B – Administração Central:
C57: são as despesas relativas à manutenção de parcela do custo do escritório central da empresa, tais como: instalações do imóvel/sede (custo de propriedade ou de locação de imóveis); aquisição e manutenção dos equipamentos da sede (computadores, ar condicionado, veículos e correlatos); despesas administrativas (secretária, vigilante, auxiliar de escritório, contínuo, assessorias tercerizadas - ex. contadoria); despesas com consumo (água, luz, telefone, material para escritório, material para limpeza, alimentos, etc). Foi apropriada por estimativa com base na média proposta noACÓRDÃO Nº 2.622/2013, PLENÁRIO de 25 set.2013.
C58: C – Benefício/Lucro:
C59: é a parcela que contempla a remuneração do construtor, definidos com base em valor percentual sobre o total dos custos diretos e despesas indiretas, excluídas aquelas referentes às parcelas tributárias. A taxa adotada como benefício deve ser entendida como uma provisão de onde será retirado o lucro do construtor, após desconto de todos os encargos decorrentes de inúmeras incertezas que podem ocorrer durante as obras, difíceis de serem mensuradas no seu conjunto com base no ACÓRDÃO Nº 2.622/2013, PLENÁRIO de 25 set.2013.
C61: D – Riscos Imprevistos, Garantias e Seguros:
C62: valores para cobertura de despesas imprevisíveis e os seguros e garantias estabelecidos no Projeto Básico e orientação contante no ACÓRDÃO Nº 2.622/2013, PLENÁRIO de 25 set.2013.
C63: E – Valores Relativos aos Tributos:
C64: – Impostos sobre serviços de qualquer natureza – ISS, é imposto de competência municipal, consoante art. 156, inciso III, da Constituição Federal. Alíquota de 4% sobre o valor total da nota fiscal.(Os 4% consideram a redução de 20% da base de cálculo, conforme previsto no art. 9 do Decreto 13314/2007 e Lei Municipal 6075/2003).
C65: – Contribuição para o Programa de Integração Social – PIS. A taxa do PIS, definida pelos Decretos-Lei nº 2.445 e 2.449/88, é de 0,65% sobre a receita operacional bruta.
C66: – Contribuição para o Programa de Financiamento da Seguridade Social – COFINS, definida pela Lei 9.718/98, é de 3%, sobre a receita operacional bruta.
C67: – Contribuição Patronal sobre a Receita Bruta, definida pela Lei 13.161, de 31 de agosto de 2015, é de 4,5%, sobre a receita operacional bruta.

Sheet COMP - 01
A1: COMPOSIÇÃO ANALÍTICA DE PREÇO UNITÁRIO | I1: Data-base
I2: 44501
I3: COMP-01
I4: UND: und
A5: SERVIÇO: DISJUNTOR BIPOLAR TIPO DIN, CORRENTE NOMINAL DE 10A - FORNECIMENTO E INSTALAÇÃO
A6: REFERÊNCIA: SINAPI 93660
A7: MÃO-DE-OBRA
A8: CÓD. | B8: ORGÃO | C8: DESCRIÇÃO | F8: UND | G8: COEF | H8: R$ UNIT. | I8: R$ PARCIAL
A9: 88247 | B9: SINAPI | C9: AUXILIAR DE ELETRICISTA COM ENCARGOS COMPLEMENTARES | E9: Encargo: 157,27% | F9: h | G9: 0.0703 | H9: =(18.69/1.8674)*2.5727 -> 25.749043 | I9: =G9*H9 -> 1.8101577
A10: 88264 | B10: SINAPI | C10: ELETRICISTA COM ENCARGOS COMPLEMENTARES | E10: Encargo: 157,27% | F10: h | G10: 0.0703 | H10: =(23.95/1.8674)*2.5727 -> 32.995697 | I10: =G10*H10 -> 2.3195975
A12: TOTAL A | I12: =I9+I10 -> 4.1297552
A14: MATERIAIS/ SERVIÇOS
A15: CÓD. | B15: ORGÃO | C15: DESCRIÇÃO | F15: UND | G15: COEF | H15: R$ UNIT. | I15: R$ PARCIAL
A16: 1570 | B16: SINAPI | C16: TERMINAL A COMPRESSAO EM COBRE ESTANHADO PARA CABO 2,5 MM2, 1 FURO E 1 COMPRESSAO, PARA PARAFUSO DE FIXACAO M5 | F16: und | G16: 2 | H16: 0.87 | I16: =G16*H16 -> 1.74
A17: 34616 | B17: SINAPI | C17: DISJUNTOR TIPO DIN/IEC, BIPOLAR DE 6 ATE 32A | F17: und | G17: 1 | H17: 49.7 | I17: =G17*H17 -> 49.7
A18: TOTAL B | I18: =SUM(I16:I17) -> 51.44
A20: EQUIPAMENTOS
A21: CÓD. | B21: ORGÃO | C21: DESCRIÇÃO | F21: UND | G21: COEF | H21: R$ UNIT. | I21: R$ PARCIAL
A24: TOTAL C | I24: -
A26: RESUMO
A27: TOTAL A | I27: =I12 -> 4.1297552
A28: TOTAL B | I28: =I18 -> 51.44
A29: TOTAL C | I29: -
A30: PREÇO DE VENDA = TOTAL (A+B+C) | I30: =I27+I28 -> 55.569755

Sheet COMP - 02
A1: COMPOSIÇÃO ANALÍTICA DE PREÇO UNITÁRIO | I1: Data-base
I2: 44501
I3: COMP-02
I4: UND: und
A5: SERVIÇO: DISJUNTOR MONOPOLAR TIPO DIN, CORRENTE NOMINAL DE 10A - FORNECIMENTO E INSTALAÇÃO
A6: REFERÊNCIA: SINAPI 93653
A7: MÃO-DE-OBRA
A8: CÓD. | B8: ORGÃO | C8: DESCRIÇÃO | F8: UND | G8: COEF | H8: R$ UNIT. | I8: R$ PARCIAL
A9: 88247 | B9: SINAPI | C9: AUXILIAR DE ELETRICISTA COM ENCARGOS COMPLEMENTARES | E9: Encargo: 157,27% | F9: h | G9: 0.0352 | H9: =(18.69/1.8674)*2.5727 -> 25.749043 | I9: =G9*H9 -> 0.90636632
A10: 88264 | B10: SINAPI | C10: ELETRICISTA COM ENCARGOS COMPLEMENTARES | E10: Encargo: 157,27% | F10: h | G10: 0.0352 | H10: =(23.95/1.8674)*2.5727 -> 32.995697 | I10: =G10*H10 -> 1.1614485
A12: TOTAL A | I12: =I9+I10 -> 2.0678149
A14: MATERIAIS/ SERVIÇOS
A15: CÓD. | B15: ORGÃO | C15: DESCRIÇÃO | F15: UND | G15: COEF | H15: R$ UNIT. | I15: R$ PARCIAL
A16: 1570 | B16: SINAPI | C16: TERMINAL A COMPRESSAO EM COBRE ESTANHADO PARA CABO 2,5 MM2, 1 FURO E 1 COMPRESSAO, PARA PARAFUSO DE FIXACAO M5 | F16: und | G16: 1 | H16: 0.87 | I16: =G16*H16 -> 0.87
A17: 34653 | B17: SINAPI | C17: DISJUNTOR TIPO DIN/IEC, MONOPOLAR DE 6 ATE 32A | F17: und | G17: 1 | H17: 8.67 | I17: =G17*H17 -> 8.67
A18: TOTAL B | I18: =SUM(I16:I17) -> 9.54
A20: EQUIPAMENTOS
A21: CÓD. | B21: ORGÃO | C21: DESCRIÇÃO | F21: UND | G21: COEF | H21: R$ UNIT. | I21: R$ PARCIAL
A24: TOTAL C | I24: -
A26: RESUMO
A27: TOTAL A | I27: =I12 -> 2.0678149
A28: TOTAL B | I28: =I18 -> 9.54
A29: TOTAL C | I29: -
A30: PREÇO DE VENDA = TOTAL (A+B+C) | I30: =I27+I28 -> 11.607815
P31: 0

Sheet COMP - 03
A1: COMPOSIÇÃO ANALÍTICA DE PREÇO UNITÁRIO | I1: Data-base
I2: 44501
I3: COMP-03
I4: UND: und
A5: SERVIÇO: Refletor Led Holofote 100w IP66 Branco Frio Resistente Água
A6: REFERÊNCIA: SINAPI 97600
A7: MÃO-DE-OBRA
A8: CÓD. | B8: ORGÃO | C8: DESCRIÇÃO | F8: UND | G8: COEF | H8: R$ UNIT. | I8: R$ PARCIAL
A9: 88247 | B9: SINAPI | C9: AUXILIAR DE ELETRICISTA COM ENCARGOS COMPLEMENTARES | E9: Encargo: 157,27% | F9: h | G9: 0.1735 | H9: =(18.69/1.8674)*2.5727 -> 25.749043 | I9: =G9*H9 -> 4.467459
A10: 88264 | B10: SINAPI | C10: ELETRICISTA COM ENCARGOS COMPLEMENTARES | E10: Encargo: 157,27% | F10: h | G10: 0.4165 | H10: =(23.95/1.8674)*2.5727 -> 32.995697 | I10: =G10*H10 -> 13.742708
A11: TOTAL A | I11: =I9+I10 -> 18.210167
A13: MATERIAIS/ SERVIÇOS
A14: CÓD. | B14: ORGÃO | C14: DESCRIÇÃO | F14: UND | G14: COEF | H14: R$ UNIT. | I14: R$ PARCIAL
A15: COTAÇÃO 1 | C15: Refletor de Led 100W ip66 | F15: und | G15: 1 | H15: =COTAÇÕES!P8 -> 70.146667 | I15: =G15*H15 -> 70.146667
A17: TOTAL B | I17: =SUM(I15:I15) -> 70.146667
A19: EQUIPAMENTOS
A20: CÓD. | B20: ORGÃO | C20: DESCRIÇÃO | F20: UND | G20: COEF | H20: R$ UNIT. | I20: R$ PARCIAL
A23: TOTAL C | I23: -
A25: RESUMO
A26: TOTAL A | I26: =I11 -> 18.210167
A27: TOTAL B | I27: =I17 -> 70.146667
A28: TOTAL C | I28: -
A29: PREÇO DE VENDA = TOTAL (A+B+C) | I29: =I26+I27 -> 88.356834

Sheet COMP-04
A1: COMPOSIÇÃO ANALÍTICA DE PREÇO UNITÁRIO | I1: Data-base
I3: 44501
I4: COMP-04
A5: SERVIÇO: BARRA DE APOIO EM "L", EM ACO INOX POLIDO 80 X 80 CM, FIXADA NA PAREDE - FORNECIMENTO E INSTALACAO. | I5: UND: und
A7: REFERÊNCIA: SINAPI 100864
A8: MÃO-DE-OBRA
A9: CÓD. | B9: ORGÃO | C9: DESCRIÇÃO | F9: UND | G9: COEF | H9: R$ UNIT. | I9: R$ PARCIAL
A10: 88267 | B10: SINAPI | C10: ENCANADOR OU BOMBEIRO HIDRÁULICO COM ENCARGOS COMPLEMENTARES | E10: Encargo: 157,27% | F10: h | G10: 1.4228 | H10: =(19.73/1.8674)*2.5727 -> 27.181842 | I10: =G10*H10 -> 38.674324
A11: 88316 | B11: SINAPI | C11: SERVENTE COM ENCARGOS COMPLEMENTARES | E11: Encargo: 157,27% | F11: h | G11: 0.4483 | H11: =(16.48/1.8674)*2.5727 -> 22.704346 | I11: =H11*G11 -> 10.178358
A12: TOTAL A | I12: =I10+I11 -> 48.852683
A14: MATERIAIS/ SERVIÇOS
A15: CÓD. | B15: ORGÃO | C15: DESCRIÇÃO | F15: UND | G15: COEF | H15: R$ UNIT. | I15: R$ PARCIAL
A16: 4351 | B16: SINAPI | C16: PARAFUSO NIQUELADO 3 1/2" COM ACABAMENTO CROMADO PARA FIXAR PECA SANITARIA, INCLUI PORCA CEGA, ARRUELA E BUCHA DE NYLON TAMANHO S-8 | F16: UND | G16: 9 | H16: 14.4 | I16: =H16*G16 -> 129.6
A17: 36209 | B17: SINAPI | C17: BARRA DE APOIO EM "L", EM ACO INOX POLIDO 80 X 80 CM, DIAMETRO MINIMO 3 CM | F17: UND | G17: 1 | H17: 379.61 | I17: =H17*G17 -> 379.61
A18: TOTAL B | I18: =SUM(I16:I17) -> 509.21
A21: EQUIPAMENTOS
C22: DESCRIÇÃO | F22: UND | G22: COEF | H22: R$ UNIT. | I22: R$ PARCIAL
A24: TOTAL C | I24: =I23 -> 0
A26: RESUMO
A27: TOTAL A | I27: =I12 -> 48.852683
A28: TOTAL B | I28: =I18 -> 509.21
A29: TOTAL C | I29: =I19 -> 0
A30: PREÇO DE VENDA = TOTAL (A+B+C) | I30: =SUM(I27:I28) -> 558.06268

Sheet COMP-05
A1: COMPOSIÇÃO ANALÍTICA DE PREÇO UNITÁRIO | I1: Data-base
I3: 44501
I4: COMP-05
A5: SERVIÇO: Saboneteira plástica tipo dispenser para sabonete líquido com reservatório 800 a 1500 ml, incluso fixação. | I5: UND: und
A7: REFERÊNCIA: SINAPI-ES 95547
A8: MÃO-DE-OBRA
A9: CÓD. | B9: ORGÃO | C9: DESCRIÇÃO | F9: UND | G9: COEF | H9: R$ UNIT. | I9: R$ PARCIAL
A10: 88267 | B10: SINAPI-ES | C10: ENCANADOR OU BOMBEIRO HIDRÁULICO COM ENCARGOS COMPLEMENTARES | E10: Encargo: 157,27% | F10: h | G10: 0.3162 | H10: =(19.73/1.8674)*2.5727 -> 27.181842 | I10: =G10*H10 -> 8.5948983
A11: 88316 | B11: SINAPI-ES | C11: SERVENTE COM ENCARGOS COMPLEMENTARES | E11: Encargo: 157,27% | F11: h | G11: 0.0996 | H11: =(16.48/1.8674)*2.5727 -> 22.704346 | I11: =G11*H11 -> 2.2613529
A13: TOTAL A | I13: =I10+I11 -> 10.856251
A15: MATERIAIS/ SERVIÇOS
A16: CÓD. | B16: ORGÃO | C16: DESCRIÇÃO | F16: UND | G16: COEF | H16: R$ UNIT. | I16: R$ PARCIAL
A17: 11758 | B17: SINAPI-ES | C17: SABONETEIRA PLASTICA TIPO DISPENSER PARA SABONETE LIQUIDO COM RESERVATORIO 800 A 1500 ML | F17: und | G17: 1 | H17: 65.4 | I17: =G17*H17 -> 65.4
A19: TOTAL B | I19: =SUM(I17:I18) -> 65.4
A21: EQUIPAMENTOS
C22: DESCRIÇÃO | F22: UND | G22: COEF | H22: R$ UNIT. | I22: R$ PARCIAL
A25: TOTAL C | I25: =I23 -> 0
A27: RESUMO
A28: TOTAL A | I28: =I13 -> 10.856251
A29: TOTAL B | I29: =I19 -> 65.4
A30: TOTAL C | I30: =I25 -> 0
A31: PREÇO DE VENDA = TOTAL (A+B+C) | I31: =SUM(I28:I30) -> 76.256251

Sheet COMP-06
A1: COMPOSIÇÃO ANALÍTICA DE PREÇO UNITÁRIO | I1: Data-base
I3: 44501
I4: COMP-06
A5: SERVIÇO: Porta papel toalha plástica tipo dispenser, capacidade para aproximadamente 750 folhas, incluso fixação. | I5: UND: und
A7: REFERÊNCIA: SINAPI-ES 95547
A8: MÃO-DE-OBRA
A9: CÓD. | B9: ORGÃO | C9: DESCRIÇÃO | F9: UND | G9: COEF | H9: R$ UNIT. | I9: R$ PARCIAL
A10: 88267 | B10: SINAPI-ES | C10: ENCANADOR OU BOMBEIRO HIDRÁULICO COM ENCARGOS COMPLEMENTARES | E10: Encargo: 157,27% | F10: h | G10: 0.3162 | H10: =(19.73/1.8674)*2.5727 -> 27.181842 | I10: =G10*H10 -> 8.5948983
A11: 88316 | B11: SINAPI-ES | C11: SERVENTE COM ENCARGOS COMPLEMENTARES | E11: Encargo: 157,27% | F11: h | G11: 0.0996 | H11: =(16.48/1.8674)*2.5727 -> 22.704346 | I11: =G11*H11 -> 2.2613529
A13: TOTAL A | I13: =I10+I11 -> 10.856251
A15: MATERIAIS/ SERVIÇOS
A16: CÓD. | B16: ORGÃO | C16: DESCRIÇÃO | F16: UND | G16: COEF | H16: R$ UNIT. | I16: R$ PARCIAL
B17: COTAÇÃO 2 | C17: Porta papel toalha plástica tipo dispenser, capacidade para aproximadamente 750 folhas | F17: und | G17: 1 | H17: =COTAÇÕES!P9 -> 50.366667 | I17: =G17*H17 -> 50.366667
A19: TOTAL B | I19: =SUM(I17:I18) -> 50.366667
A21: EQUIPAMENTOS
C22: DESCRIÇÃO | F22: UND | G22: COEF | H22: R$ UNIT. | I22: R$ PARCIAL
A25: TOTAL C | I25: =I23 -> 0
A27: RESUMO
A28: TOTAL A | I28: =I13 -> 10.856251
A29: TOTAL B | I29: =I19 -> 50.366667
A30: TOTAL C | I30: =I25 -> 0
A31: PREÇO DE VENDA = TOTAL (A+B+C) | I31: =SUM(I28:I30) -> 61.222918

Sheet COMP-07
A1: COMPOSIÇÃO ANALÍTICA DE PREÇO UNITÁRIO | I1: Data-base
I3: 44501
I4: COMP-07
A5: SERVIÇO: Papeleira de parede em metal cromado sem tampa, incluso fixação. | I5: UND: und
A7: REFERÊNCIA: SINAPI-ES 95544
A8: MÃO-DE-OBRA
A9: CÓD. | B9: ORGÃO | C9: DESCRIÇÃO | F9: UND | G9: COEF | H9: R$ UNIT. | I9: R$ PARCIAL
A10: 88267 | B10: SINAPI-ES | C10: ENCANADOR OU BOMBEIRO HIDRÁULICO COM ENCARGOS COMPLEMENTARES | E10: Encargo: 157,27% | F10: h | G10: 0.3162 | H10: =(19.73/1.8674)*2.5727 -> 27.181842 | I10: =G10*H10 -> 8.5948983
A11: 88316 | B11: SINAPI-ES | C11: SERVENTE COM ENCARGOS COMPLEMENTARES | E11: Encargo: 157,27% | F11: h | G11: 0.0996 | H11: =(16.48/1.8674)*2.5727 -> 22.704346 | I11: =G11*H11 -> 2.2613529
A13: TOTAL A | I13: =I10+I11 -> 10.856251
A15: MATERIAIS/ SERVIÇOS
A16: CÓD. | B16: ORGÃO | C16: DESCRIÇÃO | F16: UND | G16: COEF | H16: R$ UNIT. | I16: R$ PARCIAL
A17: 11703 | B17: SINAPI-ES | C17: PAPELEIRA DE PAREDE EM METAL CROMADO SEM TAMPA | F17: und | G17: 1 | H17: 24.82 | I17: =G17*H17 -> 24.82
A19: TOTAL B | I19: =SUM(I17:I18) -> 24.82
A21: EQUIPAMENTOS
C22: DESCRIÇÃO | F22: UND | G22: COEF | H22: R$ UNIT. | I22: R$ PARCIAL
A25: TOTAL C | I25: =I23 -> 0
A27: RESUMO
A28: TOTAL A | I28: =I13 -> 10.856251
A29: TOTAL B | I29: =I19 -> 24.82
A30: TOTAL C | I30: =I25 -> 0
A31: PREÇO DE VENDA = TOTAL (A+B+C) | I31: =SUM(I28:I30) -> 35.676251

Sheet COTAÇÕES
B1: PREFEITURA MUNICIPAL DE JOÃO NEIVA
B2: COTAÇÕES
B3: OBRA: REFORMA DA QUADRA POLIESPORTIVA DE CAVALINHO, JOÃO NEIVA/ES
B4: LOCAL: CAVALINHO, JOÃO NEIVA-ES
B5: ORÇAMENTISTA: BRUNA PEROVANO SIRTULI E THAÍS BAPTISTA MENELLI
A6: NÚMERO | B6: ITEM PLANILHA | C6: DESCRIÇÃO | D6: FORNECEDOR 1 | E6: CONTATO | F6: PREÇO | G6: DATA | H6: FORNECEDOR 2 | I6: CONTATO | J6: PREÇO | K6: DATA | L6: FORNECEDOR 3 | M6: CONTATO | N6: PREÇO | O6: DATA | P6: MÉDIA | Q6: OBSERVAÇÕES
A8: 1 | B8: 15.2.2 | C8: Refletor de Led 100W ip66 | D8: Ilumini | E8: https://www.iluminim.com.br/refletor-holofote-microled-100w-branco-frio?utm_source=Site&utm_medium=GoogleMerchant&utm_campaign=GoogleMerchant&gclid=EAIaIQobChMIrZ6DsPDg9AIVl4aRCh3VaQKOEAQYASABEgKnPfD_BwE | F8: 59.9 | G8: 44543 | H8: Sustenta Led | I8: https://www.sustentaled.com.br/refletor-holofote-microled-100w-branco-frio?utm_source=Site&utm_medium=GoogleMerchant&utm_campaign=GoogleMerchant | J8: 79.8 | K8: 44543 | L8: Compra Led | M8: https://www.compraled.com.br/refletor-holofote-led-100w-smd-ip66-a-prova-dagua-branco-frio-6000k?utm_source=Site&utm_medium=GoogleMerchant&utm_campaign=GoogleMerchant | N8: 70.74 | O8: 44543 | P8: =(F8+J8+N8)/3 -> 70.146667 | Q8: Não foi considerado frete
A9: 2 | B9: ='PLANILHA ORÇAMENTÁRIA'!A176 -> 18.1.4 | C9: Porta papel toalha plástica tipo dispenser, capacidade para aproximadamente 750 folhas | D9: Americanas | E9: https://www.americanas.com.br/produto/1685126465?pfm_carac=dispenser-p%252Fpapel-toalha-velox-premisse-branco&pfm_page=search&pfm_pos=grid&pfm_type=search_page&offerId=6081d5000c070442667b066f&buyboxToken=smartbuybox-acom-v2-f63a070c-8d02-4ec5-89d2-190227450a66-2021-12-22%2011%3A17%3A01-0300#info-section | F9: 58.7 | G9: 44552 | H9: Kalunga | I9: https://www.kalunga.com.br/prod/dispenser-papel-toalha-interfolhado-branco-c19533-premisse-cx-1-un/324175?pcID=39&gclid=Cj0KCQjwqrb7BRDlARIsACwGad6HO2dT5IOnuzBk8d55FZvxHn7u8z-LvSHzV70iwJALgCLUeG6uVL4aAqcFEALw_wcB | J9: 45.9 | K9: 44552 | L9: Submarino | M9: https://www.submarino.com.br/produto/4428848483?pfm_carac=dispenser-para-papel-toalha-premisse-velox-branco-premisse&pfm_index=1&pfm_page=search&pfm_pos=grid&pfm_type=search_page | N9: 46.5 | O9: 44552 | P9: =(F9+J9+N9)/3 -> 50.366667 | Q9: Não foi considerado frete

Sheet CRONOGRAMA
B1: PREFEITURA MUNICIPAL DE JOÃO NEIVA
B2: CRONOGRAMA FÍSICO-FINANCEIRO
B3: OBRA: REFORMA DA QUADRA POLIESPORTIVA DE CAVALINHO, JOÃO NEIVA/ES
B4: LOCAL: CAVALINHO, JOÃO NEIVA/ES
A5: ITEM | B5: DESCRIÇÃO | D5: VALORES R$ | E5: PERÍODO (MESES)
E6: 1 | F6: 2 | G6: 3 | H6: 4 | I6: 5 | J6: 6
A7: 1 | B7: ='PLANILHA ORÇAMENTÁRIA'!D8 -> SERVIÇOS PRELIMINARES | C7: Financeiro (R$) | D7: ='PLANILHA ORÇAMENTÁRIA'!I27 -> 11591.91 | E7: =D7/1 -> 11591.91
C8: Físico (%) | D8: =D7/$D$45 -> 0.045181513 | E8: =E7/D7 -> 1
A9: 2 | B9: ='PLANILHA ORÇAMENTÁRIA'!D28 -> INSTALAÇÃO DO CANTEIRO DE OBRAS | C9: Financeiro (R$) | D9: ='PLANILHA ORÇAMENTÁRIA'!I33 -> 9254.68 | E9: =D9*0.7 -> 6478.276 | F9: =D9*0.3 -> 2776.404
C10: Físico (%) | D10: =D9/$D$45 -> 0.036071747 | E10: 0.7 | F10: 0.3
A11: 3 | B11: ='PLANILHA ORÇAMENTÁRIA'!D34 -> MOVIMENTO DE TERRA | C11: Financeiro (R$) | D11: ='PLANILHA ORÇAMENTÁRIA'!I41 -> 2215.74 | F11: =D11/1 -> 2215.74
C12: Físico (%) | D12: =D11/$D$45 -> 0.0086362374 | F12: =F11/D11 -> 1
A13: 4 | B13: ='PLANILHA ORÇAMENTÁRIA'!D42 -> ESTRUTURAS | C13: Financeiro (R$) | D13: ='PLANILHA ORÇAMENTÁRIA'!I57 -> 18233.69 | F13: =D13*0.35 -> 6381.7915 | G13: =D13*0.65 -> 11851.899
C14: Físico (%) | D14: =D13/$D$45 -> 0.071069022 | F14: 0.35 | G14: =G13/D13 -> 0.65
A15: 5 | B15: ='PLANILHA ORÇAMENTÁRIA'!D58 -> PAREDES E PAINÉIS | C15: Financeiro (R$) | D15: ='PLANILHA ORÇAMENTÁRIA'!I61 -> 7747.95 | G15: =D15/2 -> 3873.975 | H15: =D15/2 -> 3873.975
C16: Físico (%) | D16: =D15/$D$45 -> 0.030199001 | G16: =G15/D15 -> 0.5 | H16: =H15/D15 -> 0.5
A17: 6 | B17: ='PLANILHA ORÇAMENTÁRIA'!D62 -> ESQUADRIAS METÁLICAS | C17: Financeiro (R$) | D17: ='PLANILHA ORÇAMENTÁRIA'!I68 -> 15547.72 | I17: =D17/1 -> 15547.72
C18: Físico (%) | D18: =D17/$D$45 -> 0.06059998 | I18: =I17/D17 -> 1
A19: 7 | B19: ='PLANILHA ORÇAMENTÁRIA'!D69 -> VIDROS E ESPELHOS | C19: Financeiro (R$) | D19: ='PLANILHA ORÇAMENTÁRIA'!I72 -> 634.11 | I19: =D19 -> 634.11
C20: Físico (%) | D20: =D19/$D$45 -> 0.0024715555 | I20: =I19/D19 -> 1
A21: 8 | B21: ='PLANILHA ORÇAMENTÁRIA'!D73 -> COBERTURA | C21: Financeiro (R$) | D21: ='PLANILHA ORÇAMENTÁRIA'!I80 -> 18927.36 | F21: =D21/2 -> 9463.68 | G21: =D21/2 -> 9463.68
C22: Físico (%) | D22: =D21/$D$45 -> 0.073772723 | F22: =F21/D21 -> 0.5 | G22: =G21/D21 -> 0.5
A23: 9 | B23: ='PLANILHA ORÇAMENTÁRIA'!D81 -> IMPERMEABILIZAÇÃO | C23: Financeiro (R$) | D23: ='PLANILHA ORÇAMENTÁRIA'!I84 -> 1149.82 | F23: =D23/2 -> 574.91 | G23: =D23/2 -> 574.91
C24: Físico (%) | D24: =D23/$D$45 -> 0.0044816262 | F24: =F23/D23 -> 0.5 | G24: =G23/D23 -> 0.5
A25: 10 | B25: ='PLANILHA ORÇAMENTÁRIA'!D85 -> REVESTIMENTO DE PAREDES | C25: Financeiro (R$) | D25: ='PLANILHA ORÇAMENTÁRIA'!I90 -> 18096.66 | H25: =D25/1 -> 18096.66
C26: Físico (%) | D26: =D25/$D$45 -> 0.070534923 | H26: =H25/D25 -> 1
A27: 11 | B27: ='PLANILHA ORÇAMENTÁRIA'!D91 -> PISOS INTERNOS E EXTERNOS | C27: Financeiro (R$) | D27: ='PLANILHA ORÇAMENTÁRIA'!I95 -> 8483.87 | H27: =D27/1 -> 8483.87
C28: Físico (%) | D28: =D27/$D$45 -> 0.033067379 | H28: =H27/D27 -> 1
A29: 12 | B29: ='PLANILHA ORÇAMENTÁRIA'!D96 -> INSTALAÇÕES HIDRO-SANITÁRIAS | C29: Financeiro (R$) | D29: ='PLANILHA ORÇAMENTÁRIA'!I104 -> 764.37 | G29: =D29/1 -> 764.37
C30: Físico (%) | D30: =D29/$D$45 -> 0.0029792669 | G30: =G29/D29 -> 1
A31: 13 | B31: ='PLANILHA ORÇAMENTÁRIA'!D105 -> INSTALAÇÕES ELÉTRICAS | C31: Financeiro (R$) | D31: ='PLANILHA ORÇAMENTÁRIA'!I135 -> 15499.8 | F31: =D31/2 -> 7749.9 | G31: =D31/2 -> 7749.9
C32: Físico (%) | D32: =D31/$D$45 -> 0.060413204 | F32: =F31/D31 -> 0.5 | G32: =G31/D31 -> 0.5
A33: 14 | B33: ='PLANILHA ORÇAMENTÁRIA'!D136 -> APARELHOS HIDRO-SANITÁRIOS | C33: Financeiro (R$) | D33: ='PLANILHA ORÇAMENTÁRIA'!I142 -> 10462.19 | G33: =D33/1 -> 10462.19
C34: Físico (%) | D34: =D33/$D$45 -> 0.04077823 | G34: =G33/D33 -> 1
A35: 15 | B35: ='PLANILHA ORÇAMENTÁRIA'!D143 -> APARELHOS ELÉTRICOS | C35: Financeiro (R$) | D35: ='PLANILHA ORÇAMENTÁRIA'!I152 -> 3784.24 | H35: =D35/1 -> 3784.24
C36: Físico (%) | D36: =D35/$D$45 -> 0.014749743 | H36: =H35/D35 -> 1
A37: 16 | B37: ='PLANILHA ORÇAMENTÁRIA'!D153 -> PINTURA | C37: Financeiro (R$) | D37: ='PLANILHA ORÇAMENTÁRIA'!I163 -> 93727.93 | H37: =D37/3 -> 31242.643 | I37: =D37/3 -> 31242.643 | J37: =D37/3 -> 31242.643
C38: Físico (%) | D38: =D37/$D$45 -> 0.36532113 | H38: =H37/D37 -> 0.33333333 | I38: =I37/D37 -> 0.33333333 | J38: =J37/D37 -> 0.33333333
A39: 17 | B39: ='PLANILHA ORÇAMENTÁRIA'!D164 -> SERVIÇOS COMPLEMENTARES EXTERNOS | C39: Financeiro (R$) | D39: ='PLANILHA ORÇAMENTÁRIA'!I170 -> 14076.31 | I39: =D39/2 -> 7038.155 | J39: =D39/2 -> 7038.155
C40: Físico (%) | D40: =D39/$D$45 -> 0.0548649 | I40: =I39/D39 -> 0.5 | J40: =J39/D39 -> 0.5
A41: 18 | B41: ='PLANILHA ORÇAMENTÁRIA'!D171 -> SERVIÇOS COMPLEMENTARES INTERNOS | C41: Financeiro (R$) | D41: ='PLANILHA ORÇAMENTÁRIA'!I178 -> 6364.77 | J41: =D41/1 -> 6364.77
C42: Físico (%) | D42: =D41/$D$45 -> 0.024807813 | J42: =J41/D41 -> 1
B43: Total Parcial (%) | E43: =E45/D45 -> 0.070431736 | F43: =F45/D45 -> 0.1136657 | G43: =G45/D45 -> 0.17438564 | H43: =H45/D45 -> 0.25522526 | I43: =I45/D45 -> 0.2122777 | J43: =J45/D45 -> 0.17401397
B44: Total Acumulado (%) | E44: =E43 -> 0.070431736 | F44: =F43+E44 -> 0.18409743 | G44: =G43+F44 -> 0.35848307 | H44: =H43+G44 -> 0.61370833 | I44: =I43+H44 -> 0.82598603 | J44: =J43+I44 -> 1
B45: Total Financeiro (R$) | D45: =D7+D9+D11+D13+D15+D17+D19+D21+D23+D25+D27+D29+D31+D33+D35+D37+D39+D41 -> 256563.12 | E45: =E7+E9+E11+E13+E15+E17+E19+E21+E23+E25+E27+E29+E31+E33+E35+E37+E39+E41 -> 18070.186 | F45: =F7+F9+F11+F13+F15+F17+F19+F21+F23+F25+F27+F29+F31+F33+F35+F37+F39+F41 -> 29162.426 | G45: =G7+G9+G11+G13+G15+G17+G19+G21+G23+G25+G27+G29+G31+G33+G35+G37+G39+G41 -> 44740.924 | H45: =H7+H9+H11+H13+H15+H17+H19+H21+H23+H25+H27+H29+H31+H33+H35+H37+H39+H41 -> 65481.388 | I45: =I7+I9+I11+I13+I15+I17+I19+I21+I23+I25+I27+I29+I31+I33+I35+I37+I39+I41 -> 54462.628 | J45: =J7+J9+J11+J13+J15+J17+J19+J21+J23+J25+J27+J29+J31+J33+J35+J37+J39+J41 -> 44645.568
B46: Total Acumulado (R$) | E46: =E45 -> 18070.186 | F46: =F45+E46 -> 47232.611 | G46: =G45+F46 -> 91973.535 | H46: =H45+G46 -> 157454.92 | I46: =I45+H46 -> 211917.55 | J46: =J45+I46 -> 256563.12
